 Dungeon Crawl Stone Soup version 0.22.0-38-g04b72b8 (webtiles) character file.

2419 Snack the Cleaver (level 9, -2/118 HPs)
             Began as a White Draconian Berserker on Aug 25, 2018.
             Was an Elder of Trog.
             Slain by a white ugly thing (6 damage)
             ... on level 8 of the Dungeon.
             The game lasted 00:11:46 (6710 turns).

Snack the Cleaver (White Draconian Berserker)       Turns: 6710, Time: 00:11:47

Health: -2/118     AC: 10    Str: 26    XL:     9   Next: 24%
Magic:  9/9        EV: 11    Int:  7    God:    Trog [****..]
Gold:   252        SH: 11    Dex: 13    Spells: 8/8 levels left

rFire    + . .     SeeInvis .   a - +0 war axe
rCold    + . .     Gourm    .   h - +0 shield
rNeg     . . .     Faith    .   (armour unavailable)
rPois    .         Spirit   .   (helmet restricted)
rElec    .         Reflect  .   y - +1 cloak
rCorr    .         Harm     .   t - +0 pair of gloves
MR       .....                  (no boots)
Stlth    ..........             u - amulet of regeneration
HPRegen  0.69/turn              d - ring of attention (curse)
MPRegen  0.11/turn              e - ring of protection from fire

@: berserking, very quick
A: breathe frost, unfitting armour, cold resistance 1, cold-blooded, AC +7
a: Breathe Frost, Berserk, Trog's Hand, Brothers in Arms, Renounce Religion


You were on level 8 of the Dungeon.
You worshipped Trog.
Trog was greatly pleased with you.
You were hungry.

You visited 1 branch of the dungeon, and saw 8 of its levels.

You collected 342 gold pieces.
You spent 90 gold pieces at shops.

Inventory:

Hand Weapons
 a - a +0 war axe (weapon)
Armour
 h - a +0 shield (worn)
 t - a +0 pair of gloves (worn)
 w - a scarf of spirit shield
 y - a +1 cloak (worn)
Jewellery
 d - a cursed ring of attention (left hand)
 e - a ring of protection from fire (right hand)
 u - an amulet of regeneration (around neck)
Wands
 i - a wand of iceblast (9)
 p - a wand of polymorph (17)
Scrolls
 f - a scroll of enchant armour
 j - a scroll of enchant weapon
 k - 2 scrolls of immolation {unknown}
 l - 7 scrolls of teleportation {unknown}
 n - a scroll of magic mapping
 o - 4 scrolls of remove curse
 r - a scroll of fog
 A - a scroll of identify
Potions
 c - 2 potions of agility
 g - 3 potions of heal wounds
 m - 3 potions of curing
 q - 2 potions of flight
 s - 3 potions of might
 v - a potion of magic
 x - a potion of haste
Comestibles
 b - 10 rations
 z - a chunk of flesh


   Skills:
 + Level 7.0 Fighting
 + Level 9.5 Axes
 - Level 2.6 Dodging
 - Level 0.6 Stealth
 * Level 6.2 Shields
 + Level 0.1 Evocations


You had 8 spell levels left.
You didn't know any spells.
Your spell library was empty.

Dungeon Overview and Level Annotations

Branches:
Dungeon (8/15)             Temple (0/1) D:6            Lair (0/6) D:8

Altars:
Sif Muna
Zin


Innate Abilities, Weirdness & Mutations

You can breathe waves of freezing cold.
You can buffet flying creatures when you breathe cold.
Your icy white scales are hard. (AC +7)
You cannot fit into any form of body armour.
Your flesh is cold resistant. (rC+)
You are cold-blooded and may be slowed by cold attacks.


Message History

A red film seems to cover your vision as you go berserk!
You feel yourself moving faster!
You feel mighty!
You are feeling hungry.
The white ugly thing punches you! The white ugly thing freezes you! You resist.
You closely miss the white ugly thing. You closely miss the white ugly thing.
You tail-slap the white ugly thing.
The white ugly thing is lightly wounded.
The white ugly thing punches you! The white ugly thing freezes you! You resist.
You barely miss the white ugly thing.
The white ugly thing is lightly wounded.
The white ugly thing punches you!
* * * LOW HITPOINT WARNING * * *
The white ugly thing freezes you! You resist.
* * * LOW HITPOINT WARNING * * *
You slash the white ugly thing!
The white ugly thing is moderately wounded.
The white ugly thing punches you!
* * * LOW HITPOINT WARNING * * *
The white ugly thing freezes you. You resist.
You die...

#..##.#+#.................
#...............###.###..#
#.............(..##.......
#..##.#.#####.#########..#
####..##.......### # #..#
#........#.##### #.# #..#
#..........# .u #..#
#####.##.#.######.# #...
#.......@uc...# #.##
###.##.#.#####..# #.#
###..............## #.#
#................#########.#
###.#.##.#.#...............#
#.#.##.#.#.###...........#
#.#.##.#.#.###.#########.# #
..........##.# #.#
#.##.###.....# #.#


You could see a white ugly thing and a centaur warrior.

Vanquished Creatures
  Psyche (D:8)
  A hippogriff (D:8)
  2 water moccasins (D:8)
  An orc warrior (D:8)
  An ice beast (D:4)
  2 phantoms (D:4)
  3 centaurs
  3 bullfrogs
  A wyvern skeleton (D:8)
  A scorpion (D:4)
  A howler monkey (D:6)
  A centaur zombie (D:7)
  2 hounds
  A bullfrog zombie (D:2)
  4 orc priests
  A jelly (D:6)
  2 orc wizards
  Jessica (D:2)
  5 worker ants
  Robin (D:2)
  10 adders
  4 gnolls (D:3)
  2 howler monkey skeletons
  2 shadow imps
  An ooze (D:2)
  An adder skeleton (D:7)
  A worm (D:2)
  2 dart slugs
  7 leopard geckos
  29 orcs
  2 ball pythons (D:1)
  5 giant cockroaches
  16 goblins
  9 hobgoblins
  4 jackals (D:6)
  2 quokkas
  8 bats
  10 frilled lizards
  A giant cockroach zombie (D:5)
  6 kobolds
  A leopard gecko zombie (D:5)
  7 rats
165 creatures vanquished.

Notes
Turn   | Place    | Note
-------+----------+-------------------------------------------
     0 | D:1      | Snack the Draconian Berserker began the quest for the Orb.
     0 | D:1      | Reached XP level 1. HP: 19/19 MP: 1/1
   107 | D:1      | Reached XP level 2. HP: 24/26 MP: 2/2
   334 | D:1      | Reached ** piety under Trog
   443 | D:1      | Reached XP level 3. HP: 33/33 MP: 3/3
   784 | D:2      | Reached skill level 4 in Axes
   829 | D:2      | Noticed Robin
   853 | D:2      | Killed Robin
   853 | D:2      | Reached XP level 4. HP: 40/40 MP: 4/4
  1053 | D:2      | Noticed Jessica
  1068 | D:2      | Killed Jessica
  1376 | D:2      | Reached XP level 5. HP: 47/47 MP: 5/5
  1760 | D:2      | Reached skill level 5 in Axes
  1861 | D:3      | Reached *** piety under Trog
  1954 | D:3      | Found Zin's Purification Station.
  1957 | D:3      | Found a glowing silver altar of Zin.
  2067 | D:3      | Bought a potion of curing for 90 gold pieces
  2469 | D:3      | Reached skill level 1 in Shields
  3004 | D:4      | Reached XP level 6. HP: 50/53 MP: 6/6
  3162 | D:4      | Reached skill level 6 in Axes
  3273 | D:4      | Reached skill level 5 in Fighting
  3730 | D:4      | Your scales start taking on an icy white colour.
  3730 | D:4      | Reached XP level 7. HP: 18/61 MP: 7/7
  3730 | D:4      | Gained mutation: Your flesh is cold resistant. (rC+) [White Draconian growth]
  3970 | D:5      | Entered Level 5 of the Dungeon
  4200 | D:5      | Reached skill level 7 in Axes
  4475 | D:5      | Reached **** piety under Trog
  4760 | D:5      | Reached XP level 8. HP: 68/70 MP: 8/8
  4958 | D:6      | Reached skill level 8 in Axes
  5081 | D:6      | Found a staircase to the Ecumenical Temple.
  5740 | D:7      | Found a deep blue altar of Sif Muna.
  6179 | D:8      | Found a staircase to the Lair.
  6234 | D:8      | Reached skill level 5 in Shields
  6421 | D:8      | Noticed a hippogriff
  6430 | D:8      | Killed a hippogriff
  6430 | D:8      | Reached skill level 9 in Axes
  6430 | D:8      | Reached XP level 9. HP: 78/78 MP: 5/9
  6484 | D:8      | Noticed Psyche
  6490 | D:8      | Killed Psyche
  6699 | D:8      | Noticed a white ugly thing
  6702 | D:8      | Noticed a centaur warrior
  6710 | D:8      | HP: 4/118 [white ugly thing (11)]
  6710 | D:8      | Slain by a white ugly thing

Skill      XL: |  1  2  3  4  5  6  7  8  9 |
---------------+----------------------------+-----
Fighting       | 4 5 6 7 |  7.0
Axes           | 4 5 6 7 9 |  9.5
Shields        | 1 2 3 5 6 |  6.2
Dodging        | |  2.6
Stealth        | |  0.6
Evocations     | |  0.1

Action                   |  1- 3 |  4- 6 |  7- 9 || total
-------------------------+-------+-------+-------++-------
Melee: Hand axe          |   103 |    92 |       ||   195
       Tailslap          |     8 |    23 |    31 ||    62
       War axe           |       |    97 |   260 ||   357
Invok: Berserk           |     2 |     4 |     3 ||     9
       Trog's Hand       |       |     1 |       ||     1
 Abil: Breathe Frost     |       |       |     2 ||     2
Evoke: Wand              |       |       |     3 ||     3
  Use: Scroll            |       |     4 |     7 ||    11
       Potion            |       |       |     1 ||     1
  Eat: Chunk             |       |    15 |     9 ||    24
       Ration            |       |       |     1 ||     1
Armor: Skin              |    16 |    48 |    71 ||   135
Dodge: Dodged            |    68 |    92 |    89 ||   249
Block: Shield            |       |    33 |   113 ||   146
